 Dungeon Crawl Stone Soup version 0.17-a0-2122-g03d97ec (webtiles) character file.

18099 Thapanthimerk the Cleaver (level 12, -2/102 HPs)
             Began as a Demonspawn Wanderer on Oct 21, 2015.
             Was a High Priest of Okawaru.
             Slain by a yak (6 damage)
             ... in an ice cave.
             The game lasted 00:35:26 (10578 turns).

Thapanthimerk the Cleaver (Demonspawn Wanderer)    Turns: 10578, Time: 00:35:27

Health: -2/102     AC: 20    Str: 15    XL:     12   Next: 24%
Magic:  10/11      EV: 13    Int: 14    God:    Okawaru [*****.]
Gold:   1442       SH:  0    Dex: 18    Spells: 0 memorised, 11 levels left

rFire  + . .     SeeInvis .     A - +2 war axe (chop)
rCold  + . .     Clarity  .     b - +2 chain mail {rF+}
rNeg   + . .     SustAt   .     (no shield)
rPois  +         Gourm    .     (helmet restricted)
rElec  .         Spirit   .     D - +1 cloak
rCorr  .         Warding  +     O - +0 pair of gloves
rMut   .         Stasis   .     C - +1 pair of boots
MR     .....                    U - amulet of warding
Stlth  +.........               F - ring of ice
                                w - +1 ring of slaying

@: agile, heroism, not resistant to hostile enchantments, very unstealthy
A: beak, hooves 2, icy blue scales 2, dopey 1, fire resistance 1, low mp 1,
poison resistance, powered by death 2, spiny 1, spit poison 2, evolution 1
a: Spit Poison, Heroism, Finesse, Renounce Religion


You were in an ice cave.
You worshipped Okawaru.
Okawaru was extremely pleased with you.
You were not hungry.

You visited 3 branches of the dungeon, and saw 13 of its levels.
You also visited: Bailey and Ice Cave.

You collected 1442 gold pieces.

Inventory:

Hand Weapons
 l - a +0 battleaxe
 y - a +2 vampiric hand axe
 A - a +2 war axe of chopping (weapon)
Armour
 b - a +2 chain mail of fire resistance (worn)
 C - a +1 pair of boots (worn)
 D - a +1 cloak (worn)
 O - a +0 pair of gloves (worn)
Jewellery
 f - a +4 ring of strength
 o - an uncursed ring of fire
 p - a +1 ring of evasion
 v - an uncursed amulet of the gourmand
 w - a +1 ring of slaying (left hand)
 x - an uncursed ring of protection from magic
 F - a ring of ice (right hand)
 T - an uncursed ring of protection from fire
 U - an amulet of warding (around neck)
Wands
 a - a wand of confusion (15)
 d - a wand of random effects (20)
 g - a wand of draining (1)
 i - a wand of flame (8)
 j - a wand of lightning (10)
 J - a wand of frost (29)
 K - a wand of invisibility (0)
 N - a wand of fireball (7)
 Z - a wand of enslavement (13)
Scrolls
 c - 2 scrolls of enchant weapon
 h - 10 scrolls of identify
 q - a scroll of teleportation
 r - 4 scrolls of enchant armour
 z - a scroll of magic mapping
 G - a scroll of fog
 P - 3 scrolls of remove curse
Potions
 k - a potion of might
 R - 3 potions of magic
Books
 m - a book of Clouds

   Spells                             Type                      Level
   a - Mephitic Cloud                 Conjuration/Poison/Air       3
   b - Conjure Flame                  Conjuration/Fire             3
   c - Poisonous Cloud                Conjuration/Poison/Air       6
   d - Freezing Cloud                 Conjuration/Ice/Air          6
   e - Ring of Flames                 Charms/Fire                  7
 I - a book of Callings

   Spells                             Type                      Level
   a - Summon Small Mammal            Summoning                    1
   b - Call Imp                       Summoning                    2
   c - Call Canine Familiar           Summoning                    3
   d - Summon Guardian Golem          Hexes/Summoning              3
   e - Summon Lightning Spire         Summoning/Air                4
   f - Summon Ice Beast               Ice/Summoning                4
 Q - a book of the Warp

   Spells                             Type                      Level
   a - Recall                         Summoning/Translocation      3
   b - Gell's Gravitas                Hexes/Translocation          3
   c - Force Lance                    Conjuration/Translocation    4
   d - Phase Shift                    Translocation                5
   e - Warp Weapon                    Charms/Translocation         5
   f - Summon Forest                  Summoning/Translocation      5
 S - a book of Alchemy

   Spells                             Type                      Level
   a - Sublimation of Blood           Necromancy                   2
   b - Ignite Poison                  Fire/Transmutation/Poison    3
   c - Alistair's Intoxication        Transmutation/Poison         4
   d - Condensation Shield            Ice                          4
   e - Petrify                        Transmutation/Earth          4
   f - Irradiate                      Conjuration/Transmutation    5
 V - Sif Muna's Disquisition on Boosts
   (You found it on level 9 of the Dungeon)

   Spells                             Type                      Level
   a - Infusion                       Charms                       1
 W - Kikubaaqudgha's Tome of Evil Rituals
   (You found it on level 9 of the Dungeon)

   Spells                             Type                      Level
   a - Pain                           Necromancy                   1
 X - Vehumet's Incunabulum of Arcane Weapons
   (You found it on level 9 of the Dungeon)

   Spells                             Type                      Level
   a - Magic Dart                     Conjuration                  1
Comestibles
 e - 15 bread rations
 n - 2 meat rations
 s - 7 fruits
 u - 9 beef jerkies
 B - a royal jelly
 M - 3 chunks of flesh


   Skills:
 - Level 11.9(16.9) Fighting
 + Level 14.5(19.5) Axes
   Level 1.0(6.0) Crossbows
 - Level 1.0(6.0) Throwing
 - Level 1.0(6.0) Armour
 - Level 1.0(6.0) Stealth
 - Level 2.6(7.6) Unarmed Combat
 - Level 1.0 Evocations


You had 11 spell levels left.
You didn't know any spells.

Dungeon Overview and Level Annotations

Branches:
Dungeon (10/15)            Temple (1/1) D:6            Lair (2/8) D:10
    Orc (0/4) D:9

Altars:
Ashenzari
Cheibriados
Dithmenos
Elyvilon
Fedhas
Gozag
Kikubaaqudgha
Okawaru
Qazlal
Ru
Sif Muna
Vehumet
Xom
Yredelemnul
Zin
The Shining One

Shops:
D:3 *

Annotations:
IceCv ldierk's ghost, journeyman HOFi


Innate Abilities, Weirdness & Mutations

You have hoof-like feet.
You are mostly covered in icy blue scales (AC +3, EV -1).
Your flesh is heat resistant.
You regenerate health from kills.
You are partially covered in sharp spines.
You have a beak for a mouth.
You are dopey. (Int -2)
Your magical capacity is low (-10% MP).
Your system is resistant to poisons.
You can spit poison.
You evolve.


Message History

Drink which item? (? for menu, Esc to quit)
Okay, then.
Unknown command.
Read which item? (? for menu, Esc to quit)
Okay, then.
Unknown command.
Use which ability?
Okay, then.
Unknown command.
The wolf closely misses you. The yak gores you.
* * * LOW HITPOINT WARNING * * *
Drink which item? (? for menu, Esc to quit)
Okay, then.
Wield which item (- for none, * to show all)? (? for menu, Esc to quit)
Okay, then.
Drink which item? (? for menu, Esc to quit)
You feel agile all of a sudden. The wolf is struck by your spines.
The wolf misses you. The yak gores you but does no damage. The wolf misses you.
The yak gores you.
You die...

...##..[.(...#
#...
..###...⌠..)##
#.h#
##..##.?.(.##
#...
###...########
#.#. #####
#... ≈# #..###
≈≈ #.hh##.#
#hYY.#.#
##@...# ######


You could see 2 yaks and 3 wolves.

Vanquished Creatures
  Fannar (Lair:1)
  The ghost of P0WERM0DE the Fighter, a novice HOAK of Lugonu (D:10)
  Urug (D:10)
  Nergalle (D:10)
  An ice statue (IceCv)
  2 hill giants (D:10)
  An orc knight (Bailey)
  A black mamba (Lair:2)
  A troll (D:10)
  5 polar bears (IceCv)
  2 two-headed ogres (D:9)
  16 yaks
  Eustachio (D:6)
  Grum (Lair:1)
  14 wolves
  5 water moccasins
  5 hippogriffs
  4 wargs (D:9)
  2 black bears
  A sky beast (D:9)
  A porcupine (Lair:1)
  5 orc warriors
  2 phantoms
  5 ice beasts
  6 ogres
  A crocodile (Lair:1)
  4 centaurs
  Blork the orc (D:6)
  A big kobold (D:9)
  2 gnoll sergeants
  9 giant frogs
  A water moccasin skeleton (D:5)
  9 wights
  4 scorpions
  The ghost of alpinistek the Magician, a weakling DsIE (D:3)
  A quasit (D:10)
  2 centaur zombies
  9 killer bees (D:10)
  A jelly (D:7)
  7 crimson imps
  A giant frog skeleton (D:5)
  2 giant frog zombies
  7 orc wizards
  Crazy Yiuf (D:5)
  3 orc priests
  4 hounds
  Natasha (D:2)
  4 iguanas
  8 worker ants
  A hound skeleton (D:9)
  A worker ant zombie (D:9)
  Robin (D:4)
  11 adders
  7 gnolls
  8 river rats (Lair:2)
  12 white imps (Lair:2)
  2 shadow imps
  3 oozes
  An adder skeleton (D:8)
  4 worms
  2 giant geckos
  31 orcs
  3 bats
  2 giant cockroaches (D:5)
  12 goblins
  13 hobgoblins
  21 kobolds
  6 quokkas
  2 ball pythons (D:4)
  6 giant newts
  13 jackals
  A quokka zombie (D:5)
  3 rats
  A fungus (D:5)
336 creatures vanquished.

Vanquished Creatures (others)
  A yak (IceCv)
1 creature vanquished.

Grand Total: 337 creatures vanquished

Notes
Turn   | Place    | Note
--------------------------------------------------------------
     0 | D:1      | Thapanthimerk the Demonspawn Wanderer began the quest for the Orb.
     0 | D:1      | Thapanthimerk set off with: a wand of confusion (15), a +0 ring mail, a potion of lignification, a +0 dagger, a bread ration
     0 | D:1      | Reached XP level 1. HP: 16/16 MP: 1/1
   236 | D:1      | Gained mutation: You regenerate a little health from kills. [demonic ancestry]
   236 | D:1      | Reached XP level 2. HP: 17/23 MP: 2/2
   652 | D:1      | Reached skill level 3 in Fighting
   923 | D:2      | HP: 1/24 [worm (12)]
  1173 | D:2      | Reached XP level 3. HP: 29/29 MP: 3/3
  1353 | D:2      | Noticed Natasha
  1432 | D:2      | Killed Natasha
  1432 | D:2      | Reached skill level 4 in Fighting
  1514 | D:2      | Gained mutation: You are partially covered in icy blue scales (AC +1). [demonic ancestry]
  1514 | D:2      | Reached XP level 4. HP: 37/37 MP: 4/4
  1532 | D:2      | Found a sacrificial altar of Ru.
  1648 | D:2      | Found a white marble altar of Elyvilon.
  2218 | D:3      | Reached skill level 5 in Fighting
  2286 | D:3      | Noticed alpinistek's ghost (weakling DsIE)
  2311 | D:3      | Killed alpinistek's ghost
  2311 | D:3      | Gained mutation: You are mostly covered in icy blue scales (AC +3, EV -1). [demonic ancestry]
  2311 | D:3      | Reached XP level 5. HP: 39/44 MP: 5/5
  2379 | D:3      | Found Gozag's Platinum Reserve.
  2410 | D:3      | Found an opulent altar of Gozag.
  2527 | D:3      | Noticed an ice beast
  2544 | D:3      | Killed an ice beast
  2544 | D:3      | Reached skill level 6 in Fighting
  2695 | D:4      | Noticed an ogre
  2698 | D:4      | Gained mutation: You are partially covered in sharp spines. [demonic ancestry]
  2698 | D:4      | Reached XP level 6. HP: 48/53 MP: 6/6
  2704 | D:4      | Killed an ogre
  2704 | D:4      | Reached skill level 7 in Fighting
  2717 | D:4      | Found a snail-covered altar of Cheibriados.
  2807 | D:4      | Noticed Robin
  2821 | D:4      | Killed Robin
  3360 | D:5      | Entered Level 5 of the Dungeon
  3394 | D:5      | Gained mutation: You have large cloven feet. [demonic ancestry]
  3394 | D:5      | Reached XP level 7. HP: 59/61 MP: 7/7
  3417 | D:5      | Reached skill level 8 in Fighting
  3954 | D:5      | Reached skill level 9 in Fighting
  4263 | D:5      | Gained mutation: You have hoof-like feet. [demonic ancestry]
  4263 | D:5      | Reached XP level 8. HP: 41/71 MP: 8/8
  4379 | D:5      | Noticed Crazy Yiuf
  4386 | D:5      | Killed Crazy Yiuf
  4478 | D:6      | Reached skill level 10 in Fighting
  4644 | D:6      | Found a staircase to the Ecumenical Temple.
  4652 | Temple   | Entered the Ecumenical Temple
  4675 | Temple   | Became a worshipper of Warmaster Okawaru
  4736 | D:6      | Gained mutation: You evolve. [potion of beneficial mutation]
  4744 | D:6      | Reached skill level 11 in Fighting
  4768 | D:6      | Noticed Blork the orc
  4779 | D:6      | Noticed Eustachio
  5082 | Temple   | Gained mutation: You have a beak for a mouth. [potion of beneficial mutation]
  5092 | D:6      | Killed Blork the orc
  5102 | D:6      | Killed Eustachio
  5102 | D:6      | Reached * piety under Okawaru
  5108 | D:6      | Reached XP level 9. HP: 70/82 MP: 9/9
  5572 | D:7      | Reached skill level 1 in Axes
  5613 | D:7      | Found a flagged portal.
  5630 | Bailey   | Entered a bailey
  5787 | Bailey   | Gained mutation: You are dopey. (Int -2) [potion of mutation]
  5787 | Bailey   | Gained mutation: Your magical capacity is low (-10% MP). [potion of mutation]
  5787 | Bailey   | Gained mutation: You can spit weak poison. [potion of mutation]
  5788 | Bailey   | Noticed an orc knight
  5838 | Bailey   | Killed an orc knight
  5838 | Bailey   | Reached ** piety under Okawaru
  5850 | Bailey   | Reached skill level 5 in Axes
  6287 | D:7      | Reached *** piety under Okawaru
  6521 | D:8      | Reached XP level 10. HP: 89/89 MP: 9/9
  6764 | D:8      | Gained mutation: Your system is resistant to poisons. [evolution]
  7201 | D:9      | Found a staircase to the Orcish Mines.
  7235 | D:9      | Reached **** piety under Okawaru
  7294 | D:9      | Reached skill level 10 in Axes
  7346 | D:9      | Reached ***** piety under Okawaru
  7391 | D:9      | Found a deep blue altar of Sif Muna.
  7393 | D:9      | Found a radiant altar of Vehumet.
  7393 | D:9      | Found an ancient bone altar of Kikubaaqudgha.
  7398 | D:9      | Identified Sif Muna's Disquisition on Boosts
  7405 | D:9      | Identified Kikubaaqudgha's Tome of Evil Rituals
  7414 | D:9      | Identified Vehumet's Incunabulum of Arcane Weapons
  7679 | D:10     | Entered Level 10 of the Dungeon
  7695 | D:10     | Gained mutation: You regenerate health from kills. [demonic ancestry]
  7695 | D:10     | Reached XP level 11. HP: 91/95 MP: 10/10
  7701 | D:10     | Noticed P0WERM0DE's ghost (novice HOAK)
  7702 | D:10     | Received a gift from Okawaru
  7737 | D:10     | Killed P0WERM0DE's ghost
  7748 | D:10     | Found a shadowy altar of Dithmenos.
  7864 | D:10     | Noticed a hill giant
  7872 | D:10     | Killed a hill giant
  7923 | D:10     | Noticed Nergalle
  7945 | D:10     | Found a staircase to the Lair.
  7949 | D:10     | Noticed a hill giant
  7973 | D:10     | Killed a hill giant
  7973 | D:10     | Reached skill level 12 in Axes
  8085 | D:10     | Noticed Urug
  8112 | D:10     | Killed Urug
  8112 | D:10     | Received a gift from Okawaru
  8565 | D:10     | Gained mutation: You can spit poison. [evolution]
  8627 | D:10     | Noticed a spectral orc warlord
  8632 | D:10     | Killed Nergalle
  8637 | Lair:1   | Entered Level 1 of the Lair of Beasts
  8732 | Lair:1   | Noticed Fannar
  8740 | Lair:1   | Noticed Grum
  8882 | Lair:1   | Killed Grum
  8895 | Lair:1   | Killed Fannar
  8895 | Lair:1   | Reached skill level 13 in Axes
  9429 | Lair:2   | Found a frozen archway.
  9445 | IceCv    | Entered an ice cave
  9497 | IceCv    | Gained mutation: Your flesh is heat resistant. [demonic ancestry]
  9497 | IceCv    | Reached XP level 12. HP: 67/102 MP: 11/11
  9556 | IceCv    | Noticed an ice statue
 10438 | IceCv    | Killed an ice statue
 10456 | IceCv    | Reached skill level 14 in Axes
 10559 | IceCv    | Noticed ldierk's ghost (journeyman HOFi)
 10560 | IceCv    | Received a gift from Okawaru
 10575 | IceCv    | HP: 5/102 [wolf (5)]
 10576 | IceCv    | HP: 2/102 [yak (12)]
 10578 | IceCv    | Slain by a yak

Vault maps used:
D:1:      enne_arrival_octagon_isle
D:2:      lemuel_coloured_pillars_altar, old_standard_altar, uniq_natasha
D:3:      nicolae_gozag_zags_fifth_avenue
D:4:      cheibriados_altar_1, first_bread, uniq_robin
D:5:      kb_lookout_dungeons_type, uniq_crazy_yiuf_cottage
D:6:      minmay_temple_entry_large_hall, sword_in_stone
D:7:      enter_bailey_2
D:9:      grunt_temple_overflow_magic_moments, minmay_orc_entry_guard_dogs,
          grunt_ogre_cave
D:10:     lair_0_dummy, grunt_dithmenos_smoke_and_mirrors, uniq_nergalle,
          uniq_urug
Temple:   circular_temple_12
Lair:1:   uniq_grum, uniq_fannar
Lair:2:   basic_altar, portal_ice_cave_entry_imps, st_stairs_11
Bailey:   bailey_axe_1, bailey
IceCv:    ice_cave_caverns_02

Action                   |  1- 3 |  4- 6 |  7- 9 | 10-12 || total
-------------------------+-------+-------+-------+-------++-------
Melee: Dagger            |   225 |       |       |       ||   225
       Spear             |    15 |   169 |   170 |       ||   354
       Hand axe          |       |       |   132 |   190 ||   322
       War axe           |       |       |       |   377 ||   377
Invok: Heroism           |       |       |       |     5 ||     5
Evoke: Wand              |     5 |     9 |    13 |     7 ||    34
  Use: Potion            |     3 |       |    11 |    10 ||    24
       Scroll            |     5 |     6 |     5 |     8 ||    24
 Stab: Confused          |     2 |     4 |       |     2 ||     8
       Sleeping          |     1 |       |       |       ||     1
       Invisible         |       |       |       |     4 ||     4
  Eat: Chunk             |     2 |    16 |    15 |    10 ||    43
       Pizza             |       |       |       |     1 ||     1
